 Dungeon Crawl Stone Soup version 0.25-a0-670-g50981ef59b (webtiles) character file.

Game seed: 7332104947908066143, levelgen mode: deterministic

127 Amnesiac the Chiller (level 4, -2/24 HPs)
             Began as a Deep Elf Ice Elementalist on Mar 29, 2020.
             Slain by a bullfrog skeleton (4 damage)
             ... on level 4 of the Dungeon.
             The game lasted 00:04:59 (1530 turns).

Amnesiac the Chiller (Deep Elf Ice Elementalist)    Turns: 1530, Time: 00:05:00

Health: -2/24      AC:  2    Str:  5    XL:     4   Next: 85%
Magic:  3/12       EV: 13    Int: 21    God:
Gold:   106        SH:  0    Dex: 18    Spells: 8/12 levels left

rFire    . . .     SeeInvis .   j - +0 hand axe (vorpal)
rCold    . . .     Gourm    .   (no shield)
rNeg     . . .     Faith    .   a - +0 robe
rPois    .         Spirit   .   (no helmet)
rElec    .         Reflect  .   (no cloak)
rCorr    .         Harm     +   (no gloves)
MR       .....                  (no boots)
Stlth    ++........             r - amulet of harm
HPRegen  0.08/turn              d - -2 ring of dexterity (curse)
MPRegen  0.13/turn              n - +5 ring of dexterity

@: brilliant, frozen ramparts
A: no striking features
a: no special abilities


You were on level 4 of the Dungeon.
You were not hungry.

You visited 1 branch of the dungeon, and saw 4 of its levels.

You collected 106 gold pieces.

Inventory:

Hand Weapons
 j - a +0 vorpal hand axe (weapon)
 q - a +0 broad axe
Armour
 a - a +0 robe (worn)
Jewellery
 d - a cursed -2 ring of dexterity (left hand)
 n - a +5 ring of dexterity (right hand)
 r - an amulet of harm (around neck)
Scrolls
 g - a scroll of identify {!r, unknown}
 l - a scroll of teleportation {!r}
 o - a scroll of fear {!r, unknown}
 p - a scroll of fog {!r, unknown}
 s - a scroll of enchant armour {!r, unknown}
Potions
 e - a potion of might {!q, unknown}
 f - a potion of mutation {!q, unknown}
 h - a potion of stabbing {!q, unknown}
 i - a potion of curing {!q, unknown}
 k - a potion of invisibility {!q}
 m - a potion of magic {!q, unknown}
 t - a potion of degeneration {!q, unknown}
Comestibles
 c - 6 rations


   Skills:
 - Level 2.4 Dodging
 - Level 2.4 Stealth
 + Level 4.6 Spellcasting
 * Level 6.1 Ice Magic


You had 8 spell levels left.
You knew the following spells:

 Your Spells              Type           Power        Failure   Level  Hunger
a - Freeze                Ice            ####         1%          1    None
b - Frozen Ramparts       Ice            #####.       2%          3    None

Your spell library contained the following spells:

 Spells                   Type           Power        Failure   Level  Hunger
 Ozocubu's Armour         Chrm/Ice       ####....     10%         3    None
 Hailstorm                Conj/Ice       ####....     30%         4    None
 Summon Ice Beast         Ice/Summ       ####....     30%         4    None


Dungeon Overview and Level Annotations

Branches:
Dungeon (4/15)
 Temple: D:4-7

Altars:
Zin

Annotations:
D:4 exclusion: 6 doors


Message History

Confirm with . or Enter, or press ? or * to list all spells.
Okay, then.
Unknown command.
The bullfrog skeleton barely misses you.
Casting: Frozen Ramparts (safe; 2% risk of failure)
Confirm with . or Enter, or press ? or * to list all spells.
You feel a surge of power!
The walls around you are covered in ice.
The bullfrog skeleton completely resists.
The wall freezes the bullfrog skeleton but do no damage.
The bullfrog skeleton completely misses you.
Unknown command.
The bullfrog skeleton resists.
The wall freezes the bullfrog skeleton.
The bullfrog skeleton resists.
The wall freezes the bullfrog skeleton.
The bullfrog skeleton resists.
The wall freezes the bullfrog skeleton.
The bullfrog skeleton hits you but does no damage.
The bullfrog skeleton completely resists.
The wall freezes the bullfrog skeleton but do no damage.
The bullfrog skeleton resists.
The wall freezes the bullfrog skeleton.
The bullfrog skeleton hits you.
* * * LOW HITPOINT WARNING * * *
Unknown command.
Casting: Frozen Ramparts (safe; 2% risk of failure)
Confirm with . or Enter, or press ? or * to list all spells.
Aiming: Freeze (safe; 1% risk of failure)
Press: ? - help, Shift-Dir - straight line, f - bullfrog skeleton
Aim: a bullfrog skeleton (almost destroyed)
You feel a surge of power!
The bullfrog skeleton completely resists.
You freeze the bullfrog skeleton but do no damage.
The bullfrog skeleton misses you.
Unknown command.
Casting: Freeze (safe; 1% risk of failure)
Confirm with . or Enter, or press ? or * to list all spells.
Aiming: Freeze (safe; 1% risk of failure)
Press: ? - help, Shift-Dir - straight line, f/p - bullfrog skeleton
Aim: a bullfrog skeleton (almost destroyed)
You feel a surge of power!
The bullfrog skeleton resists.
You freeze the bullfrog skeleton.
The bullfrog skeleton is almost destroyed.
The bullfrog skeleton hits you.
* * * LOW HITPOINT WARNING * * *
Unknown command.
Casting: Freeze (safe; 1% risk of failure)
Confirm with . or Enter, or press ? or * to list all spells.
Aiming: Freeze (safe; 1% risk of failure)
Press: ? - help, Shift-Dir - straight line, f/p - bullfrog skeleton
Aim: a bullfrog skeleton (almost destroyed)
You feel a surge of power!
The bullfrog skeleton resists.
You freeze the bullfrog skeleton.
The bullfrog skeleton is almost destroyed.
The bullfrog skeleton hits you.
* * * LOW HITPOINT WARNING * * *
Unknown command.
Casting: Freeze (safe; 1% risk of failure)
Confirm with . or Enter, or press ? or * to list all spells.
Aiming: Freeze (safe; 1% risk of failure)
Press: ? - help, Shift-Dir - straight line, f/p - bullfrog skeleton
Aim: a bullfrog skeleton (almost destroyed)
You feel a surge of power!
The bullfrog skeleton completely resists.
You freeze the bullfrog skeleton but do no damage.
The bullfrog skeleton misses you. The bullfrog skeleton hits you.
You die...

≈........##÷###..................
##.......................
##...##...................
##...####....>...........##
##..#####.................#
##...##.....###.......#...##
++###.....##...........####...#
.......#>.##..#.........#....##
.....#.#......#.@##..#......#####
<....##..##..##Z###)#.......#...#
(.....##.#.......##.##.##........
.###..#.....#.......##).#.......#
...............#....##........###
.###..........##.....#)......##
.#......................##...#
................###....###...#
...##...........# ###### ##.##


You could see a bullfrog skeleton.

Vanquished Creatures
  A worker ant (D:3)
  A hound skeleton (D:4)
  2 adders
  4 gnolls (D:4)
  A worm (D:4)
  A dart slug (D:2)
  A leopard gecko (D:3)
  2 giant cockroaches
  A goblin (D:1)
  A hobgoblin (D:1)
  2 jackals (D:3)
  A quokka (D:4)
  3 bats
  4 frilled lizards
  5 kobolds
  A leopard gecko skeleton (D:4)
  2 rats (D:3)
33 creatures vanquished.

Notes
Turn   | Place    | Note
-------+----------+-------------------------------------------
     0 | D:1      | Amnesiac the Deep Elf Ice Elementalist began the quest for
                  | the Orb.
     0 | D:1      | Reached XP level 1. HP: 10/10 MP: 6/6
   259 | D:2      | Found a glowing silver altar of Zin.
   287 | D:2      | Reached XP level 2. HP: 9/15 MP: 5/8
   457 | D:3      | Reached skill level 5 in Ice Magic
   583 | D:3      | Reached XP level 3. HP: 19/19 MP: 6/10
   588 | D:3      | Learned a level 3 spell: Frozen Ramparts
   759 | D:4      | Reached XP level 4. HP: 17/24 MP: 7/12
   985 | D:4      | Noticed a phantom
   995 | D:4      | HP: 1/24 [worker ant (4)]
  1005 | D:3      | Reached skill level 6 in Ice Magic
  1530 | D:4      | Slain by a bullfrog skeleton

Levels and vault maps discovered:
D:1:      minmay_arrival_checkered_box, layout_loops_ring
D:2:      layout_basic, nicolae_ru_the_path_less_chosen, zin_statuary,
          first_ration, supply_closet_lemuel
D:3:      layout_basic
D:4:      layout_cave_pools, kennysheep_cluttered_room

Skill      XL: |  1  2  3  4 |
---------------+-------------+-----
Ice Magic      | 5 6 |  6.1
Spellcasting   | 4 |  4.6
Dodging        | |  2.4
Stealth        | |  2.4

Action                   |  1- 3 |  4- 6 || total
-------------------------+-------+-------++-------
Melee: Hand axe          |       |    16 ||    16
 Cast: Freeze            |    29 |    11 ||    40
       Frozen Ramparts   |     2 |     7 ||     9
  Use: Potion            |       |     3 ||     3
       Scroll            |       |     1 ||     1
  Eat: Chunk             |       |     2 ||     2
Armor: Robe              |     6 |     2 ||     8
Dodge: Dodged            |    16 |    35 ||    51

Table legend:
 A = Non-vault XP
 B = Vault XP
 C = Vault XP percentage of total XP
 D = Non-vault monster count
 E = Vault monster count
 F = Vault count percentage of total count
                 A         B        C        D         E       F
            +---------+---------+-------+---------+---------+-------
      Total |     182 |       0 |   0.0 |      33 |       0 |   0.0
            +---------+---------+-------+---------+---------+-------
        D:1 |      10 |       0 |   0.0 |       7 |       0 |   0.0
        D:2 |      10 |       0 |   0.0 |       5 |       0 |   0.0
        D:3 |      65 |       0 |   0.0 |      11 |       0 |   0.0
        D:4 |      97 |       0 |   0.0 |      10 |       0 |   0.0
            +---------+---------+-------+---------+---------+-------
